 Dungeon Crawl Stone Soup version 0.20-a0-903-g7e3609c (console) character file.

1846 sanka the Magician (level 8, -1/54 HPs)
             Began as a Mummy Wanderer on Mar 20, 2017.
             Was an Initiate of Vehumet.
             Killed by divine providence
             ... invoked by an orc priest
              (14 damage)
             ... on level 8 of the Dungeon.
             The game lasted 00:18:49 (8074 turns).

sanka the Magician (Mummy Wanderer)                 Turns: 8074, Time: 00:18:49

Health: -1/54      AC:  4    Str: 17    XL:     8   Next: 88%
Magic:  6/19       EV: 12    Int: 14    God:    Vehumet [......]
Gold:   234        SH:  0    Dex:  9    Spells: 7/21 levels left

rFire    x . .     SeeInvis .   a - +3 quarterstaff (chaos)
rCold    + . .     Gourm    .   d - +0 robe
rNeg     + + +     Faith    .   (shield currently unavailable)
rPois    ∞         Spirit   .   r - +0 helmet
rElec    .         Reflect  .   o - +0 cloak
rCorr    .         Harm     .   (no gloves)
MR       +....                  (no boots)
Stlth    +.........             (no amulet)
Regen    0.2/turn               (no ring)
MPRegen  0.2/turn               n - ring of wizardry

@: no status effects
A: no food or potions, fire vulnerability, cold resistance 1, negative energy
resistance 3, torment resistance, unbreathing
a: Renounce Religion


You were on level 8 of the Dungeon.
You worshipped Vehumet.
Vehumet was noncommittal.
You were not hungry.

You visited 2 branches of the dungeon, and saw 7 of its levels.

You collected 234 gold pieces.


Innate Abilities, Weirdness & Mutations

You do not eat or drink.
Your flesh is vulnerable to fire.
You are immune to poison.
Your flesh is cold resistant. (rC+)
You are immune to negative energy. (rN+++)
You are immune to unholy pain and torment.
You can survive without breathing.


   Skills:
 * Level 1.3 Fighting
 * Level 1.2 Dodging
 + Level 7.4 Spellcasting
 + Level 5.8 Conjurations
 - Level 3.0 Summonings
 + Level 5.8 Fire Magic
 - Level 1.5 Evocations


You had 7 spell levels left.
You knew the following spells:

 Your Spells              Type           Power        Failure   Level  Hunger
c - Throw Flame           Conj/Fire      ###...       1%          2    N/A
v - Call Canine Familiar  Summ           ##......     6%          3    N/A
x - Summon Small Mammal   Summ           ##..         1%          1    N/A
y - Sticky Flame          Conj/Fire      ###.....     6%          4    N/A
z - Flame Tongue          Conj/Fire      ###..        1%          1    N/A
Z - Conjure Flame         Conj/Fire      ###.....     1%          3    N/A

Inventory:

Hand Weapons
 a - a +3 quarterstaff of chaos (weapon)
 e - a +0 club
 g - a +0 mace
 u - a +3 whip of pain
Missiles
 k - 23 poisoned needles
 l - 132 stones (quivered)
Armour
 d - a +0 robe (worn)
 o - a +0 cloak (worn)
 r - a +0 helmet (worn)
Jewellery
 n - a ring of wizardry (left hand)
Wands
 m - a wand of disintegration (9/24)
Scrolls
 c - 3 scrolls of teleportation
 h - a scroll of fog {unknown}
 i - a scroll of blinking
 j - a scroll of magic mapping
 q - a scroll of remove curse
 t - a scroll of fear {unknown}
Books
 b - Dual's Tome of Slavery

   Spells                             Type                      Level
   a - Summon Small Mammal            Summoning                    1
   b - Call Canine Familiar           Summoning                    3
 f - a book of Necromancy

   Spells                             Type                      Level
   a - Pain                           Necromancy                   1
   b - Animate Skeleton               Necromancy                   1
   c - Vampiric Draining              Necromancy                   3
   d - Regeneration                   Charms/Necromancy            3
   e - Animate Dead                   Necromancy                   4
   f - Control Undead                 Necromancy                   4
 p - a book of Flames

   Spells                             Type                      Level
   a - Flame Tongue                   Conjuration/Fire             1
   b - Throw Flame                    Conjuration/Fire             2
   c - Conjure Flame                  Conjuration/Fire             3
   d - Inner Flame                    Hexes/Fire                   3
   e - Sticky Flame                   Conjuration/Fire             4
   f - Fireball                       Conjuration/Fire             5
 s - a book of Callings

   Spells                             Type                      Level
   a - Summon Small Mammal            Summoning                    1
   b - Call Imp                       Summoning                    2
   c - Call Canine Familiar           Summoning                    3
   d - Summon Guardian Golem          Hexes/Summoning              3
   e - Summon Lightning Spire         Summoning/Air                4
   f - Summon Ice Beast               Ice/Summoning                4

Dungeon Overview and Level Annotations

Branches:
Dungeon (5/15)             Temple (1/1) D:4

Altars:
Ashenzari
Cheibriados
Dithmenos
Elyvilon
Fedhas
Hepliaklqana
Kikubaaqudgha
Makhleb
Nemelex Xobeh
Okawaru
Sif Muna
Trog
Uskayaw
Vehumet
Wu Jian
Xom
Yredelemnul
Zin
The Shining One

Shops:
D:4

! ▒▒ ..▒ ▒.▒ ▒.▒ ▒.▒
▒▒▒▒▒▒▒▒▒▒▒▒▒▒▒▒▒▒.▒▒▒▒.▒
▒......i#Mo..[........>..
▒.▒▒▒.▒▒▒▒▒.....)...▒▒▒▒
▒▒▒▒▒▒▒)▒▒▒.▒ ▒.▒▒▒▒▒▒..▒
...W...)....▒ ▒.▒ ▒..▒
▒▒▒▒▒▒▒)▒▒▒▒▒ ▒.▒ ▒..▒
▒.▒ ▒.▒ ...▒ ▒.▒ ▒.▒ ▒▒.▒
▒.▒ ▒.▒ .▒ ▒.▒ ▒.▒ .▒


You could see a spriggan baker and an orc priest.


Message History

Aim: an orc priest, wielding a hand axe The puff of flame misses the orc priest.
Casting: Throw Flame
Confirm with . or Enter, or press ? or * to list all spells.
Aiming: Flame Tongue
Press: ? - help, Shift-Dir - straight line, f/p - orc priest
Aim: an orc priest, wielding a hand axe The flame tongue hits the orc priest.
The orc priest is severely wounded.
The orc priest closely misses you.
Casting: Flame Tongue
Confirm with . or Enter, or press ? or * to list all spells.
Aiming: Flame Tongue
Press: ? - help, Shift-Dir - straight line, f/p - orc priest
Aim: an orc priest, wielding a hand axe (severely wounded)
The flame tongue hits the orc priest.
The orc priest is severely wounded.
The orc priest calls down the wrath of Beogh upon you.
Beogh smites you!
* * * LOW HITPOINT WARNING * * *
Casting: Flame Tongue
Confirm with . or Enter, or press ? or * to list all spells.
Aiming: Flame Tongue
Press: ? - help, Shift-Dir - straight line, f/p - orc priest
Aim: an orc priest, wielding a hand axe (severely wounded)
The flame tongue hits the orc priest.
The orc priest is almost dead.
The orc priest calls down the wrath of Beogh upon you.
Beogh smites you!
You die...

Action                   |  1- 3 |  4- 6 |  7- 9 || total
-------------------------+-------+-------+-------++-------
Melee: Quarterstaff      |       |    30 |    55 ||    85
 Cast: Flame Tongue      |   100 |    39 |    32 ||   171
       Throw Flame       |     2 |    19 |    42 ||    63
       Summon Small Mamm |     1 |     4 |       ||     5
       Call Canine Famil |       |     4 |     9 ||    13
       Conjure Flame     |       |     3 |     3 ||     6
       Sticky Flame      |       |       |     3 ||     3
  Use: Scroll            |       |       |     4 ||     4
 Stab: Paralysed         |       |     4 |       ||     4
       Sleeping          |       |       |     1 ||     1
Armor: Robe              |     6 |    12 |    17 ||    35
Dodge: Dodged            |    28 |    18 |    39 ||    85

Vault maps used:
D:1:      doesnt_arrival_goblin_jail
D:2:      lemuel_zombie_altar_yredelemnul, uniq_crazy_yiuf_cottage
D:3:      first_bread, yredelemnul_altar_generic
D:4:      chequers_temple_overflow_minitemple, minmay_temple_entry_junction,
          serial_shops, nicolae_shop_behind_doors, supply_closet_lemuel
D:8:      basic_altar, the_bakery, kennysheep_generic_room_7
Temple:   cyrus_circular_temple

Notes
Turn   | Place    | Note
-------+----------+-------------------------------------------
     0 | D:1      | sanka the Mummy Wanderer began the quest for the Orb.
     0 | D:1      | sanka set off with: a book of Flames, Dual's Tome of Slavery, a scroll of teleportation, a +0 robe, a +0 club
     0 | D:1      | Reached XP level 1. HP: 13/13 MP: 6/6
     0 | D:1      | Identified Dual's Tome of Slavery
     2 | D:1      | Learned a level 1 spell: Flame Tongue
    44 | D:1      | Learned a level 1 spell: Summon Small Mammal
   321 | D:1      | Reached XP level 2. HP: 15/19 MP: 5/8
   804 | D:1      | Learned a level 2 spell: Throw Flame
  1223 | D:1      | Reached skill level 1 in Conjurations
  1321 | D:1      | Reached XP level 3. HP: 24/24 MP: 7/10
  1349 | D:1      | Learned a level 3 spell: Call Canine Familiar
  1353 | D:1      | Learned a level 3 spell: Conjure Flame
  1357 | D:1      | Reached skill level 2 in Fire Magic
  1696 | D:1      | Reached skill level 6 in Spellcasting
  2075 | D:2      | Found a basalt altar of Yredelemnul.
  2224 | D:2      | Found a runed door.
  2558 | D:2      | Reached XP level 4. HP: 30/30 MP: 2/12
  2901 | D:2      | Noticed Crazy Yiuf
  2913 | D:2      | Killed Crazy Yiuf
  2913 | D:2      | Reached skill level 2 in Summonings
  3014 | D:2      | Learned a level 4 spell: Sticky Flame
  3191 | D:3      | Found a basalt altar of Yredelemnul.
  3256 | D:3      | Reached skill level 2 in Conjurations
  3895 | D:4      | Reached XP level 5. HP: 35/35 MP: 4/13
  4055 | D:4      | Noticed an ogre
  4277 | D:4      | Noticed a phantom
  4278 | D:4      | Noticed a necrophage
  4309 | D:4      | Killed a necrophage
  4309 | D:4      | Reached skill level 3 in Conjurations
  4309 | D:4      | Reached XP level 6. HP: 37/41 MP: 2/15
  4316 | D:4      | Reached skill level 3 in Fire Magic
  4593 | D:4      | Reached skill level 3 in Summonings
  4871 | D:4      | Found Garrimoi's Distillery.
  4940 | D:4      | HP: 3/41 [orc wizard/puff of flame (12)]
  4963 | D:3      | HP: 3/41 [orc wizard/dagger (3)]
  4974 | D:3      | HP: 1/41 [orc wizard/puff of frost (3)]
  4979 | D:3      | Reached XP level 7. HP: 2/46 MP: 10/16
  5675 | D:4      | Reached skill level 4 in Conjurations
  5675 | D:4      | Reached skill level 4 in Fire Magic
  5875 | D:4      | Found a staircase to the Ecumenical Temple.
  5884 | Temple   | Entered the Ecumenical Temple
  5941 | Temple   | Became a worshipper of Vehumet
  6241 | D:4      | Found a bloodstained altar of Trog.
  6241 | D:4      | Found a burning altar of Makhleb.
  6246 | D:4      | Found a shadowy altar of Dithmenos.
  6248 | D:4      | Found a shattered altar of Ashenzari.
  6250 | D:4      | Found an ancient bone altar of Kikubaaqudgha.
  6566 | D:5      | Entered Level 5 of the Dungeon
  7534 | D:5      | You fall through a shaft for 3 floors!
  7534 | D:8      | Noticed a two-headed ogre
  7543 | D:8      | Killed a two-headed ogre
  7543 | D:8      | Reached skill level 7 in Spellcasting
  7543 | D:8      | Reached skill level 5 in Conjurations
  7543 | D:8      | Reached skill level 5 in Fire Magic
  7543 | D:8      | Reached XP level 8. HP: 11/52 MP: 4/18
  8020 | D:8      | Reached skill level 1 in Fighting
  8020 | D:8      | Reached skill level 1 in Dodging
  8074 | D:8      | Killed from afar by an orc priest

Vanquished Creatures
  A two-headed ogre (D:8)
  A hungry ghost (D:8)
  A necrophage (D:4)
  A phantom (D:4)
  3 ogres
  A scorpion (D:4)
  A crimson imp (D:8)
  3 hounds
  A centaur skeleton (D:4)
  4 orc priests
  2 orc wizards
  Crazy Yiuf (D:2)
  An iguana (D:4)
  2 worker ants
  6 adders
  3 oozes
  2 worms (D:2)
  5 dart slugs
  2 leopard geckos
  6 orcs
  2 ball pythons
  6 giant cockroaches
  2 gnoll zombies (D:2)
  6 goblins
  8 hobgoblins
  2 jackals (D:3)
  4 quokkas
  7 bats
  4 frilled lizards
  3 kobolds
  7 rats
98 creatures vanquished.

Vanquished Creatures (collateral kills)
  An orc wizard (D:3)
  2 worker ants
  A hound skeleton (D:4)
  An adder skeleton (D:4)
  2 orcs
7 creatures vanquished.

Grand Total: 105 creatures vanquished
